 Dungeon Crawl Stone Soup version 0.25-a0-631-gc915619fb7 (webtiles) character file.

Game seed: 10952519958040269619, levelgen mode: deterministic

84000 Lauz the Eclecticist (level 15, -6/72 HPs)
             Began as a Deep Elf Ice Elementalist on Mar 17, 2020.
             Was a High Priest of Sif Muna.
             Mangled by a spriggan rider
             ... wielding a +0 spear
              (27 damage)
             ... on level 3 of the Swamp on Mar 18, 2020.
             The game lasted 04:13:23 (38167 turns).

Lauz the Eclecticist (Deep Elf Ice Elementalist)   Turns: 38167, Time: 04:13:24

Health: -6/72      AC: 10    Str:  6    XL:     15   Next: 33%
Magic:  8/48       EV: 18    Int: 33    God:    Sif Muna [*****.]
Gold:   3059       SH:  0    Dex: 15    Spells: 2/48 levels left

rFire    . . .     SeeInvis .   E - +9 staff of Olgreb {rPois∞}
rCold    + . .     Gourm    .   (no shield)
rNeg     . . .     Faith    .   X - +2 robe {rF+}
rPois    ∞         Spirit   .   R - +3 hat of Pondering {ponderous, MR+ MP+10 Int+5}
rElec    .         Reflect  .   (no cloak)
rCorr    .         Harm     .   o - +2 pair of gloves
MR       ++...                  (no boots)
Stlth    ++........             a - amulet "Yrghoij" {RegenMP +Inv rF- rC+ Int+2}
HPRegen  0.22/turn              g - ring of wizardry
MPRegen  0.56/turn              O - +5 ring of evasion

@: lethally poisoned (-6 -> -6), marked, slow
A: no striking features
a: Channel Magic, Forget Spell, Divine Exegesis, Renounce Religion, Evoke
Invisibility


You were on level 3 of the Swamp.
You worshipped Sif Muna.
Sif Muna was extremely pleased with you.
You were not hungry.

You visited 5 branches of the dungeon, and saw 27 of its levels.
You also visited: Bailey.

You collected 3363 gold pieces.
You spent 304 gold pieces at shops.

Inventory:

Hand Weapons
 E - the +9 staff of Olgreb (weapon) {rPois∞}
   (You found it on level 7 of the Dungeon)

   It grants immunity to poison.
Armour
 d - the +2 helmet of Resourcefulness {+Fly rElec rCorr Int-4}
   (You bought it in a shop on level 2 of the Orcish Mines)

   It affects your intelligence (-4).
   It insulates you from electricity.
   It lets you fly.
   It provides partial protection from all sources of acid and corrosion.
 o - a +2 pair of gloves (worn)
 G - a +2 robe of magic resistance
 K - a +2 buckler
 M - a +0 robe of positive energy
 R - the +3 hat of Pondering (worn) {ponderous, MR+ MP+10 Int+5}
   (You took it off Gastronok on level 10 of the Dungeon)

   It affects your intelligence (+5).
   It affects your resistance to hostile enchantments.
   It affects your magic capacity (+10).
 X - a +2 robe of fire resistance (worn)
Magical Staves
 q - an uncursed staff of cold
 u - an uncursed staff of wizardry
 F - an uncursed staff of summoning
Jewellery
 a - the amulet "Yrghoij" (around neck) {RegenMP +Inv rF- rC+ Int+2}
   (You found it on level 1 of the Lair of Beasts)

   [amulet of magic regeneration]

   It increases your magic regeneration.
   It affects your intelligence (+2).
   It makes you vulnerable to fire.
   It protects you from cold.
   It lets you turn invisible.
 g - a ring of wizardry (left hand)
 t - an uncursed ring of protection from magic
 I - an uncursed ring of protection from fire
 O - a +5 ring of evasion (right hand)
 Y - an uncursed amulet of guardian spirit
Wands
 m - a wand of polymorph (30)
 w - a wand of paralysis (13)
 y - a wand of iceblast (19)
 B - a wand of disintegration (22)
 C - a wand of random effects (11)
 P - a wand of digging (1)
 Z - a wand of scattershot (5)
Scrolls
 f - a scroll of identify
 h - 7 scrolls of teleportation
 A - 18 scrolls of remove curse
 D - 4 scrolls of enchant weapon
 J - a scroll of amnesia {unknown}
 N - 2 scrolls of magic mapping
 W - a scroll of noise
Potions
 e - a potion of lignification {unknown}
 i - 4 potions of invisibility
 k - 5 potions of might
 n - a potion of ambrosia {unknown}
 p - 6 potions of flight
 r - 2 potions of berserk rage {unknown}
 s - 7 potions of stabbing
 v - 2 potions of resistance {unknown}
 x - 9 potions of curing
 z - 3 potions of mutation
 H - 3 potions of haste
 L - 3 potions of brilliance
 S - 3 potions of cancellation
 U - 3 potions of magic {unknown}
Miscellaneous
 j - a sack of spiders
Comestibles
 c - 36 rations


   Skills:
 - Level 0.8 Staves
 + Level 3.3 Dodging
 - Level 2.4 Stealth
 + Level 17.4 Spellcasting
 * Level 9.7 Conjurations
 * Level 10.2 Hexes
 - Level 7.2 Charms
 + Level 10.1 Summonings
 + Level 2.4 Translocations
 + Level 16.3 Ice Magic
 - Level 1.1 Air Magic
 - Level 10.1 Invocations


You had 2 spell levels left.
You knew the following spells:

 Your Spells              Type           Power        Failure   Level  Hunger
a - Freeze                Ice            ####         0%          1    None
b - Frozen Ramparts       Ice            ######       0%          3    None
c - Summon Ice Beast      Ice/Summ       #######.     1%          4    None
d - Hailstorm             Conj/Ice       #######.     1%          4    None
e - Confusing Touch       Hex            #######.     1%          3    None
f - Ozocubu's Armour      Chrm/Ice       #######.     1%          3    None
g - Gell's Gravitas       Tloc           #####.....   1%          3    None
h - Blink                 Tloc           N/A          1%          2    None
i - Summon Mana Viper     Hex/Summ       #######.     1%          5    None
j - Iskenderun's Battles  Conj/Chrm      ######..     1%          5    None
k - Freezing Cloud        Conj/Ice/Air   ######....   1%          6    None
l - Spellforged Servitor  Conj/Summ      #######...   8%          7    ####...

Your spell library contained the following spells:

 Spells                   Type           Power        Failure   Level  Hunger
 Corona                   Hex            #######      0%          1    None
 Summon Small Mammal      Summ           ####         0%          1    None
 Ensorcelled Hibernation  Hex/Ice        ######       0%          2    None
 Infusion                 Chrm           ####         1%          1    None
 Magic Dart               Conj           ####         1%          1    None
 Sandblast                Erth           ####..       1%          1    None
 Call Imp                 Summ           #######.     1%          2    None
 Corpse Rot               Necr/Air       N/A          1%          2    None
 Passwall                 Tmut/Erth      ####....     1%          2    None
 Searing Ray              Conj           ######       1%          2    None
 Shroud of Golubria       Chrm/Tloc      ######       1%          2    None
 Slow                     Hex            #######.     1%          2    None
 Song of Slaying          Chrm           ######..     1%          2    None
 Conjure Flame            Conj/Fire      ######..     1%          3    None
 Dazzling Flash           Conj/Hex       ######       1%          3    None
 Mephitic Cloud           Conj/Pois/Air  ######..     1%          3    None
 Recall                   Summ/Tloc      N/A          1%          3    None
 Spectral Weapon          Hex/Chrm       ######..     1%          3    None
 Static Discharge         Conj/Air       ######..     1%          3    None
 Stone Arrow              Conj/Erth      ######       1%          3    None
 Tukima's Dance           Hex            #######.     1%          3    None
 Vampiric Draining        Necr           ####......   1%          3    None
 Leda's Liquefaction      Hex/Erth       ######....   1%          4    None
 Sticky Flame             Conj/Fire      ######..     1%          4    None
 Summon Lightning Spire   Summ/Air       ######..     1%          4    None
 Aura of Abjuration       Summ           #######...   1%          5    None
 Irradiate                Conj/Tmut      ######....   1%          5    None
 Lightning Bolt           Conj/Air       ######....   1%          5    None
 Metabolic Englaciation   Hex/Ice        #######...   1%          5    None
 Yara's Violent Unravell  Hex/Tmut       ######....   1%          5    None
 Darkness                 Hex            #######...   1%          6    None
 Excruciating Wounds      Chrm/Necr      ######....   3%          5    None
 Bolt of Magma            Conj/Fire/Erth ######....   4%          5    None
 Dispel Undead            Necr           ####....     5%          4    None
 Petrify                  Tmut/Erth      ####....     5%          4    None
 Orb of Destruction       Conj           #######...   9%          7    ####...
 Iron Shot                Conj/Erth      ######....   11%         6    None
 Agony                    Necr           ####....     16%         5    None
 Lee's Rapid Deconstruct  Erth           ####......   16%         5    None
 Haunt                    Necr/Summ      ######....   45%         7    ####...
 Discord                  Hex            #######...   45%         8    #####..
 Death Channel            Necr           ####......   58%         6    None
 Statue Form              Tmut/Erth      ####.....    58%         6    None
 Glaciate                 Conj/Ice       #######...   91%         9    #######
 Death's Door             Chrm/Necr      ######....   100%        8    #####..
 Ignition                 Fire           ####......   100%        8    #####..
 Fire Storm               Conj/Fire      ######....   100%        9    #######
 Shatter                  Erth           ####......   100%        9    #######
 Tornado                  Air            #####.....   100%        9    #######


Dungeon Overview and Level Annotations

Branches:
Dungeon (15/15)            Temple (1/1) D:4            Lair (6/6) D:8
  Swamp (3/4) Lair:4        Snake (0/4) Lair:4        Slime (0/5) Lair:5
    Orc (2/2) D:10            Elf (0/3) Orc:2        Vaults (0/5) D:13
 Depths (0/5) D:15         Bailey (visited)

Altars:
Ashenzari
Cheibriados
Dithmenos
Elyvilon
Fedhas
Gozag
Hepliaklqana
Kikubaaqudgha
Makhleb
Nemelex Xobeh
Okawaru
Qazlal
Ru
Sif Muna
Trog
Uskayaw
Vehumet
Wu Jian
Xom
Yredelemnul
Zin
The Shining One
Beogh
Jiyva

Shops:
D:8 *   Orc:1 !   Orc:2 (*=[=

Portals:
Trove: D:12 (give +7 demon blade)

Annotations:
D:7 1 runed translucent door


Message History

The hail pelts your spectral spriggan rider!!
Your spectral spriggan rider partially resists.
Your spectral spriggan rider is moderately damaged.
The hail pelts the spriggan rider!!
You kill the hornet!
Sif Muna accepts your kill.
The spriggan falls from its now dead mount.
The spriggan is moderately wounded.
The hail misses your spectral spriggan druid.
Your ice beast is unaffected.
Your spectral spriggan rider fades away!
Your ghost crab dissolves into shadows!
Your spectral alligator fades away!
Your spectral spriggan druid fades away!
The swamp worm is engulfed in spectral mist.
The swamp worm misses your ice beast.
Your ice beast is engulfed in spectral mist.
Your ice beast hits the swamp worm but does no damage.
The swamp worm is engulfed in spectral mist.
The spriggan rider hits you from afar with a +0 spear!!
You die...

♣..≈♣.≈≈≈≈≈..≈≈.....§≈≈. ..♣
.≈≈.♣>Y≈≈≈≈..≈≈..§..≈≈≈.♣♣..♣
...8Y♣≈......≈≈≈≈≈≈≈≈≈≈≈.≈≈≈
.....♣≈.≈.≈...≈≈≈≈≈≈≈.....§♣♣ .♣♣
..≈≈.†...♣♣♣♣.≈≈≈≈≈≈≈....≈Y.♣≈..♣
.≈≈≈....♣≈...≈≈≈≈.≈≈§..≈.W..≈♣♣♣
..♣≈.§≈.♣..§†≈†≈...≈≈≈...<.(.≈.♣
..≈.≈≈≈≈..≈.≈≈≈..≈≈≈≈≈≈≈≈.≈.≈≈§≈♣
≈≈.≈≈≈≈≈.§.≈§§≈.@.≈≈.≈.≈≈.♣.≈≈≈♣♣
≈≈≈.≈≈≈.♣.≈≈≈☼°°≈♣ii..♣♣♣♣♣♣♣♣♣♣
≈≈≈≈≈..≈.§≈○○w≈i°°≈....♣
♣≈.≈≈≈...≈≈○○Y≈≈≈.....≈♣
.♣♣≈≈≈♣§≈≈○○w○○§§°.....♣ .♣
♣♣♣♣.≈≈≈w≈.≈≈≈...§≈.♣ ##
≈≈≈.<≈≈≈≈≈..≈≈≈.≈
≈≈≈≈..≈≈≈.w≈≈≈≈..


You could see a tyrant leech, 2 spriggan riders, 3 swamp worms, a spriggan and a
friendly ice beast.

Vanquished Creatures
  Gastronok (D:10)
  2 fire dragons
  A hydra (Lair:6)
  5 vault guards (D:13)
  A centaur warrior (D:13)
  A death knight (D:11)
  Erica (D:11)
  A shambling mangrove (Swamp:1)
  2 alligators
  5 two-headed ogres
  2 death yaks (Lair:5)
  Sonja (Lair:5)
  An unseen horror (D:14)
  2 lindwurms
  2 orc knights
  4 ugly things
  An orc sorcerer (Orc:2)
  A centaur zombie (D:11)
  A black mamba (Lair:2)
  5 torpor snails
  6 spiny frogs
  A centaur skeleton (D:13)
  A kobold demonologist (D:15)
  4 komodo dragons
  Maggie (D:10)
  4 yaktaurs (D:15)
  4 polar bears (Lair:6)
  3 trolls
  A meliai (D:15)
  3 tyrant leeches
  15 slime creatures
  9 hornets
  A blink frog (Lair:2)
  A bog body (Swamp:3)
  2 dream sheep (Lair:4)
  5 hippogriffs
  2 raiju (Lair:6)
  2 spriggans
  2 shadows
  A vampire (D:11)
  A wyvern (Lair:3)
  8 yaks
  15 vampire mosquitoes
  4 humans (D:13)
  5 basilisks
  6 wargs
  2 nagas (Lair:4)
  3 soldier ants
  6 insubstantial wisps (Swamp:1)
  6 swamp worms
  9 hell hounds (Lair:6)
  4 porcupines
  8 water moccasins
  A phantom (D:12)
  3 swamp drakes
  19 orc warriors
  2 sky beasts
  A black bear (D:7)
  7 ogres
  9 wolves (Lair:6)
  2 eyes of draining
  A necrophage (D:12)
  11 centaurs
  3 crocodiles
  3 big kobolds
  6 bullfrogs
  A gnoll sergeant (D:9)
  A scorpion (D:12)
  19 killer bees
  14 wights
  An electric eel (Lair:4)
  6 crimson imps
  9 howler monkeys
  4 hounds
  3 jellies
  8 orc priests
  5 orc wizards
  A bullfrog skeleton (D:4)
  4 iguanas
  Natasha (twice) (D:3)
  14 worker ants
  A gnoll (D:3)
  11 adders
  2 shadow imps
  An ooze (D:1)
  An adder skeleton (D:6)
  3 worms
  4 dart slugs
  3 leopard geckos
  71 orcs
  3 giant cockroaches
  10 goblins
  6 hobgoblins
  18 jackals
  7 quokkas
  2 ball pythons
  8 bats
  4 frilled lizards
  3 jackal skeletons
  20 kobolds
  3 rats
  13 fungi
  12 plants
551 creatures vanquished.

Vanquished Creatures (collateral kills)
  2 orc warlords (Orc:2)
  Erolcha (Orc:1)
  An ice dragon (D:15)
  2 centaur warriors
  3 hydras
  A shambling mangrove (Swamp:3)
  3 two-headed ogres
  An ogre mage (D:15)
  2 death yaks (Lair:5)
  An orc high priest (Orc:2)
  5 alligators
  A swamp dragon (Swamp:3)
  5 orc knights
  2 deep elf magi (D:14)
  6 ugly things
  3 orc sorcerers
  2 manticores
  An oklob plant (Lair:3)
  An elephant (Lair:2)
  Psyche (D:9)
  9 spiny frogs
  A torpor snail (Lair:6)
  A centaur skeleton (D:14)
  3 komodo dragons
  2 rime drakes (Lair:2)
  A yaktaur (D:15)
  2 meliai (D:15)
  8 polar bears
  2 trolls (D:11)
  11 hornets
  10 slime creatures
  3 tyrant leeches
  A raiju (Lair:6)
  4 blink frogs (Lair:3)
  2 bog bodies
  4 dream sheep (Lair:4)
  3 hippogriffs
  Sigmund (D:5)
  A spriggan (Swamp:2)
  A shadow (D:12)
  A vampire (D:14)
  12 yaks
  2 humans (D:13)
  8 wargs
  8 vampire mosquitoes
  A hungry ghost (D:9)
  An insubstantial wisp (Swamp:1)
  2 swamp worms
  2 nagas (Lair:4)
  An acid dragon (D:12)
  5 soldier ants
  6 water moccasins
  4 porcupines
  A swamp drake (Swamp:1)
  3 hell hounds (Lair:6)
  21 orc warriors
  An eye of draining (D:13)
  3 ice beasts
  11 black bears (Lair:6)
  A necrophage (D:10)
  A sky beast (D:9)
  A phantom (D:4)
  4 wolves (Lair:6)
  7 ogres
  4 centaurs
  8 crocodiles
  6 bullfrogs
  2 scorpions
  3 howler monkeys
  14 killer bees
  8 wights
  3 centaur zombies
  10 orc priests
  13 orc wizards
  A hound (D:12)
  4 bullfrog skeletons
  3 bullfrog zombies
  A jelly (D:11)
  A worker ant (D:9)
  A hound skeleton (D:5)
  A worker ant zombie (D:5)
  2 adders (D:11)
  3 gnolls (D:9)
  4 shadow imps
  43 orcs
  A quokka (D:7)
  5 kobolds
  A leopard gecko skeleton (D:5)
  A quokka zombie (D:9)
  A fungus (Lair:6)
  2 plants
367 creatures vanquished.

Vanquished Creatures (others)
  A human (D:13)
  A quokka (D:14)
  A kobold (D:14)
  4 fungi
  14 plants (Lair:6)
21 creatures vanquished.

Grand Total: 939 creatures vanquished

Notes
Turn   | Place    | Note
-------+----------+-------------------------------------------
     0 | D:1      | Lauz the Deep Elf Ice Elementalist began the quest for the
                  | Orb.
     0 | D:1      | Reached XP level 1. HP: 10/10 MP: 6/6
   387 | D:1      | Reached XP level 2. HP: 15/15 MP: 5/8
   787 | D:1      | Reached skill level 5 in Ice Magic
  1494 | D:2      | Reached XP level 3. HP: 19/19 MP: 7/9
  1606 | D:2      | Learned a level 3 spell: Frozen Ramparts
  2378 | D:2      | Reached XP level 4. HP: 24/24 MP: 2/11
  2492 | D:2      | Reached skill level 4 in Spellcasting
  3159 | D:3      | Found an ornate altar of the Wu Jian Council.
  3167 | D:3      | Found a basalt altar of Yredelemnul.
  3171 | D:3      | Found an opulent altar of Gozag.
  3443 | D:3      | Noticed Natasha
  3452 | D:3      | Killed Natasha
  3584 | D:3      | Noticed Natasha
  3646 | D:3      | Killed Natasha
  3646 | D:3      | Reached skill level 5 in Spellcasting
  3646 | D:3      | Reached XP level 5. HP: 28/28 MP: 9/14
  3945 | D:3      | Found a bloodstained altar of Trog.
  3945 | D:3      | Noticed an eye of draining
  3991 | D:3      | Killed an eye of draining
  4330 | D:4      | Reached XP level 6. HP: 19/32 MP: 1/16
  4466 | D:4      | Learned a level 4 spell: Summon Ice Beast
  4471 | D:4      | Learned a level 4 spell: Hailstorm
  4608 | D:4      | Reached skill level 6 in Spellcasting
  4660 | D:4      | Found a staircase to the Ecumenical Temple.
  4673 | Temple   | Entered the Ecumenical Temple
  4839 | Temple   | Became a worshipper of Sif Muna the Loreminder
  5689 | D:4      | Noticed a cacodemon
  5690 | D:4      | Found a burning altar of Makhleb.
  5692 | D:4      | Reached XP level 7. HP: 26/36 MP: 1/19
  5901 | D:4      | Reached skill level 7 in Spellcasting
  5999 | D:4      | Found a glowing silver altar of Zin.
  5999 | D:4      | Noticed an angel
  6172 | D:5      | Entered Level 5 of the Dungeon
  6211 | D:5      | Reached skill level 1 in Summonings
  6547 | D:5      | Noticed Sigmund
  6554 | D:5      | Killed Sigmund
  6860 | D:5      | Reached skill level 8 in Spellcasting
  7056 | D:5      | Got an ancient war axe
  7589 | D:5      | Reached XP level 8. HP: 27/41 MP: 6/22
  7849 | D:6      | Reached * piety under Sif Muna
  7912 | D:6      | Learned a level 3 spell: Confusing Touch
  7916 | D:6      | Learned a level 3 spell: Ozocubu's Armour
  9092 | D:6      | Reached skill level 1 in Conjurations
  9230 | D:6      | Reached skill level 9 in Spellcasting
  9359 | D:6      | Reached skill level 10 in Ice Magic
  9688 | D:7      | Reached XP level 9. HP: 45/45 MP: 13/24
  9934 | D:7      | Reached ** piety under Sif Muna
 10232 | D:7      | Found the +9 staff of Olgreb {rPois∞}
 10237 | D:7      | Found a runed translucent door.
 10340 | D:7      | Found a runed translucent door.
 10345 | D:7      | Found a runed translucent gate.
 10345 | D:7      | Found a runed translucent gate.
 10499 | D:7      | Found a runed translucent gate.
 10861 | D:7      | Reached skill level 10 in Spellcasting
 11139 | D:6      | Reached skill level 1 in Invocations
 11357 | D:7      | Reached skill level 1 in Charms
 11822 | D:8      | Found a staircase to the Lair.
 11852 | D:8      | Found Luhu's Assorted Antiques.
 11888 | D:8      | Found a flagged portal.
 11897 | Bailey   | Entered a bailey
 12130 | Bailey   | Reached *** piety under Sif Muna
 12141 | Bailey   | Reached XP level 10. HP: 32/50 MP: 2/26
 12292 | Bailey   | Identified the +9 war axe "Idehon" {protect, rF++ rC- MP-9
                  | Str+4 Stlth+} (You found it on level 5 of the Dungeon)
 12316 | Bailey   | Reached skill level 5 in Summonings
 12472 | Bailey   | Noticed an orc knight
 12472 | Bailey   | Noticed an orc knight
 12502 | Bailey   | Noticed an orc knight
 12506 | Bailey   | Killed an orc knight
 12506 | Bailey   | Reached skill level 11 in Spellcasting
 13576 | D:9      | Reached skill level 5 in Charms
 14315 | D:9      | Noticed Psyche
 14428 | D:9      | Killed Psyche
 14431 | D:9      | Reached **** piety under Sif Muna
 15046 | D:9      | Reached skill level 12 in Spellcasting
 15376 | D:10     | Entered Level 10 of the Dungeon
 15407 | D:10     | Noticed Maggie
 15424 | D:10     | Killed Maggie
 15424 | D:10     | Reached XP level 11. HP: 35/54 MP: 16/29
 15965 | D:10     | Noticed Gastronok
 15992 | D:10     | Killed Gastronok
 15992 | D:10     | Reached skill level 5 in Invocations
 16182 | D:10     | Found a staircase to the Orcish Mines.
 17555 | D:11     | Reached ***** piety under Sif Muna
 17596 | D:11     | Identified Sif Muna's Guide on Attacks (Sif Muna gifted it
                  | to you on level 11 of the Dungeon)
 17596 | D:11     | Received a gift from Sif Muna
 17610 | D:11     | Noticed a red ugly thing
 17842 | D:11     | Learned a level 3 spell: Gell's Gravitas
 17896 | D:11     | Noticed Erica
 17941 | D:11     | Killed Erica
 17999 | D:11     | Killed a red ugly thing
 18655 | D:12     | Noticed a death knight
 18663 | D:11     | Killed a death knight
 18951 | Lair:1   | Entered Level 1 of the Lair of Beasts
 19144 | Lair:1   | Reached skill level 13 in Spellcasting
 19312 | Lair:1   | Got a fine lead amulet
 19313 | Lair:1   | Identified the amulet "Yrghoij" {RegenMP +Inv rF- rC+
                  | Int+2} (You found it on level 1 of the Lair of Beasts)
 20799 | Lair:2   | Noticed a lindwurm
 21014 | Lair:2   | Reached XP level 12. HP: 59/59 MP: 31/31
 21228 | Lair:2   | Identified a scroll of acquirement
 21228 | Lair:2   | Identified Lauz's Catalogue of Beguiling and the Rocks (You
                  | acquired it on level 2 of the Lair of Beasts)
 21228 | Lair:2   | Identified the +3 buckler "Poczid" {rC++ Int-5 SInv} (You
                  | acquired it on level 2 of the Lair of Beasts)
 21228 | Lair:2   | Identified the amulet "Akuekiam" {Reflect MP-9 Str+4 Dex+2
                  | SH+3} (You acquired it on level 2 of the Lair of Beasts)
 21980 | Lair:4   | Found a staircase to the Snake Pit.
 22151 | Lair:4   | Found a glowing silver altar of Zin.
 22687 | Lair:4   | Reached skill level 5 in Conjurations
 22709 | Lair:4   | Noticed a six-headed hydra
 22715 | Lair:4   | Killed a six-headed hydra
 22932 | Lair:4   | Found a staircase to the Swamp.
 23366 | Lair:5   | Noticed a death yak
 23366 | Lair:5   | Noticed a death yak
 23366 | Lair:5   | Noticed a death yak
 23368 | Lair:5   | Noticed a death yak
 23710 | Lair:5   | Noticed Sonja
 23723 | Lair:5   | Killed Sonja
 23867 | Lair:5   | Found a viscous altar of Jiyva.
 23867 | Lair:5   | Found a staircase to the Slime Pits.
 24063 | Lair:5   | Learned a level 2 spell: Blink
 24085 | Lair:5   | Killed a death yak
 24087 | Lair:5   | Killed a death yak
 24087 | Lair:5   | Reached skill level 14 in Spellcasting
 24109 | Lair:5   | Killed a death yak
 24130 | Lair:5   | Killed a death yak
 24450 | Lair:6   | Entered Level 6 of the Lair of Beasts
 24541 | Lair:6   | Received a gift from Sif Muna
 24551 | Lair:6   | Reached skill level 1 in Translocations
 24897 | Lair:6   | Noticed a five-headed hydra
 24904 | Lair:6   | Killed a five-headed hydra
 24926 | Lair:6   | Reached skill level 1 in Hexes
 25149 | Lair:6   | Reached XP level 13. HP: 50/63 MP: 29/33
 25855 | Lair:6   | Found a runed translucent door.
 25855 | Lair:6   | Noticed a fire dragon
 26173 | Lair:6   | Killed a fire dragon
 26173 | Lair:6   | Identified Sif Muna's Reference Book on Supportive
                  | Conjuration (Sif Muna gifted it to you on level 6 of the
                  | Lair of Beasts)
 26173 | Lair:6   | Received a gift from Sif Muna
 26674 | Lair:6   | Reached skill level 15 in Ice Magic
 27420 | Orc:1    | Entered Level 1 of the Orcish Mines
 27441 | Orc:1    | Learned a level 5 spell: Summon Mana Viper
 27468 | Orc:1    | Reached skill level 5 in Hexes
 27585 | Orc:1    | Found Beital's Distillery.
 27597 | Orc:1    | Noticed Erolcha
 27604 | Orc:1    | Killed Erolcha
 27604 | Orc:1    | Reached skill level 15 in Spellcasting
 27901 | Orc:2    | Entered Level 2 of the Orcish Mines
 27999 | Orc:2    | Noticed an orc warlord
 28026 | Orc:2    | Killed an orc warlord
 28365 | Orc:2    | Identified Sif Muna's Tome of Unholy Secrets (Sif Muna
                  | gifted it to you on level 2 of the Orcish Mines)
 28365 | Orc:2    | Received a gift from Sif Muna
 28528 | Orc:2    | Found a staircase to the Elven Halls.
 28643 | Orc:2    | Noticed an orc warlord
 28659 | Orc:2    | Found Ucinizop's Jewellery Emporium.
 28673 | Orc:2    | Killed an orc warlord
 28863 | Orc:2    | Found a roughly hewn altar of Beogh.
 28872 | Orc:2    | Found Seigisyx's Antique Armour Emporium.
 28879 | Orc:2    | Bought a slimy helmet for 304 gold pieces
 28903 | Orc:2    | Identified the +2 helmet of Resourcefulness {+Fly rElec
                  | rCorr Int-4} (You bought it in a shop on level 2 of the
                  | Orcish Mines)
 28921 | Orc:2    | Found Idanil's Jewellery Emporium.
 28943 | Orc:2    | Found Pang's Antique Weapon Emporium.
 28964 | Orc:2    | Found Boufiblo's General Store.
 29916 | D:12     | Found a portal to a secret trove of treasure.
 30539 | D:13     | Received a gift from Sif Muna
 30547 | D:13     | Learned a level 5 spell: Iskenderun's Battlesphere
 30555 | D:13     | Reached XP level 14. HP: 68/68 MP: 32/35
 30780 | D:13     | Reached skill level 10 in Invocations
 30984 | D:13     | Found a gate to the Vaults.
 31040 | D:13     | Identified the +8 great mace "Onkaep" {vorpal, +Inv rC- rN+
                  | MP+9} (You found it on level 13 of the Dungeon)
 32062 | D:14     | Reached skill level 16 in Spellcasting
 32224 | D:14     | Found a white marble altar of Elyvilon.
 32533 | D:15     | Entered Level 15 of the Dungeon
 32559 | D:15     | Identified Sif Muna's Collected Works on Excruciating
                  | Malediction (Sif Muna gifted it to you on level 15 of the
                  | Dungeon)
 32559 | D:15     | Received a gift from Sif Muna
 32579 | D:15     | Learned a level 6 spell: Freezing Cloud
 33629 | D:15     | Found a staircase to the Depths.
 35350 | Swamp:1  | Entered Level 1 of the Swamp
 35823 | Swamp:1  | Upgraded the game from 0.25-a0-614-g73ad250637 to
                  | 0.25-a0-631-gc915619fb7
 35824 | Swamp:1  | Reached skill level 17 in Spellcasting
 35824 | Swamp:1  | Reached XP level 15. HP: 14/72 MP: 7/38
 36104 | Swamp:1  | Learned a level 7 spell: Spellforged Servitor
 36163 | Swamp:1  | Identified Sif Muna's Volume of Ashen Necromancy (Sif Muna
                  | gifted it to you on level 1 of the Swamp)
 36163 | Swamp:1  | Received a gift from Sif Muna
 36522 | Swamp:1  | Reached skill level 10 in Summonings
 36901 | Swamp:2  | Reached skill level 1 in Air Magic
 37081 | Swamp:2  | Identified the +7 rapier "Deib" {vorpal, MR- Str+7 Int+2}
                  | (You found it on level 2 of the Swamp)
 38134 | Swamp:3  | Reached skill level 10 in Hexes
 38137 | Swamp:3  | HP: 2/72 [hornet[a shambling mangrove] (18)]
 38167 | Swamp:3  | Mangled by a spriggan rider

Levels and vault maps discovered:
D:1:      lemuel_arrival_river_passageway, layout_loops_corners,
          minmay_tromino_i4
D:2:      layout_basic, minmay_joined_circles
D:3:      layout_loops_corners, trog_eyes_of_draining,
          minmay_overflow_temple_star_quad, uniq_natasha
D:4:      layout_gridville, grunt_temple_overflow_order_and_chaos_2,
          minmay_temple_entry_wispy
D:5:      layout_cave_pools, first_ration, uniq_sigmund
D:6:      layout_loops_ring
D:7:      layout_basic, minmay_guarded_unrand_staff_of_olgreb
D:8:      layout_loops_ring, lair_entry_dummy, serial_shops,
          nicolae_shop_overgrown_old_shop, enter_bailey_3
D:9:      layout_gridville, hangedman_pestilent_swarm, uniq_psyche
D:10:     layout_stronghold, orc_0_dummy, uniq_gastronok, uniq_maggie
D:11:     layout_loops_cross, uniq_erica
D:12:     layout_roguey, enter_trove_1
D:13:     layout_loops_ring, ximxim_vaults_locker_room
D:14:     layout_rooms, chequers_arboretum, elyvilon_altar_4
D:15:     grunt_enter_depths_hoard, layout_layer_cave, skrybe_limestone_x
Temple:   eino_temple_scatter_basement
Lair:1:   layout_layer_cave, minivault_27
Lair:2:   layout_misc_corridors, nicolae_lair_grove_arrangements,
          serial_bayou_pond_e, hangedman_lair_generics_rect
Lair:3:   layout_hall_layers, minmay_lair_oklob_chamber
Lair:4:   layout_cave_pods, nicolae_swamp_entry_splash_gauntlet,
          minmay_snake_entry_guardpost_small, basic_altar, serial_bayou_pond_e,
          small_statue_intersection, st_stairs_7, serial_bayou_shore_b,
          serial_bayou_shore_a
Lair:5:   layout_regular_city, slime_altar_1, lemuel_fruit_tree, uniq_sonja
Lair:6:   wormcave, layout_loops_ring, hangedman_lair_caniforms_friends,
          minmay_stone_trees_medium
Swamp:1:  layout_basic_swamp, evilmike_swamp_ruin_house_6, swamp_pool3
Swamp:2:  layout_falls_marsh, evilmike_swamp_ruin_wall
Swamp:3:  layout_basic_swamp, serial_swamp_ruin, evilmike_swamp_ruin_house_5,
          hangedman_swamp_ruin_wall, infiniplex_staircase_pool_2
Orc:1:    layout_caves, serial_shops, nicolae_shop_stone, uniq_erolcha
Orc:2:    grunt_orc_cross, layout_diamond_mine, serial_shops, shop

Skill      XL: |  1  2  3  4  5  6  7  8  9 10 11 12 13 14 15 |
---------------+----------------------------------------------+-----
Ice Magic      | 5 6 7 8 10 11 12 13 14 15 16 | 16.3
Spellcasting   | 5 6 8 9 10 12 13 14 15 17 | 17.4
Summonings     | 2 3 4 5 7 8 9 10 | 10.1
Conjurations   | 1 4 6 7 9 |  9.7
Invocations    | 3 4 6 8 9 10 | 10.1
Charms         | 3 6 7 |  7.2
Dodging        | 3 |  3.3
Translocations | 1 2 |  2.4
Hexes          | 1 6 9 10 | 10.2
Air Magic      | 1 |  1.1
Staves         | |  0.8
Stealth        | |  2.4

Action                   |  1- 3 |  4- 6 |  7- 9 | 10-12 | 13-15 || total
-------------------------+-------+-------+-------+-------+-------++-------
Melee: Short sword       |     1 |       |       |       |       ||     1
       Dagger            |     1 |    16 |       |       |       ||    17
       Staff             |       |       |     6 |    15 |    32 ||    53
 Cast: Freeze            |    44 |    66 |    67 |   130 |   103 ||   410
       Frozen Ramparts   |    10 |    22 |    27 |    41 |     5 ||   105
       Summon Ice Beast  |       |     5 |    69 |   194 |   234 ||   502
       Hailstorm         |       |     5 |    45 |   115 |   232 ||   397
       Ozocubu's Armour  |       |       |     3 |     6 |     1 ||    10
       Confusing Touch   |       |       |     2 |       |     8 ||    10
       Gell's Gravitas   |       |       |       |     5 |     1 ||     6
       Blink             |       |       |       |     2 |    39 ||    41
       Summon Mana Viper |       |       |       |       |    21 ||    21
       Iskenderun's Batt |       |       |       |       |     6 ||     6
       Freezing Cloud    |       |       |       |       |    38 ||    38
       Spellforged Servi |       |       |       |       |     5 ||     5
Invok: Channel Magic     |       |       |       |     2 |     1 ||     3
Evoke: Staff of Olgreb   |       |       |       |     1 |       ||     1
  Use: Scroll            |     4 |       |     8 |    15 |    24 ||    51
       Potion            |       |       |       |     2 |     5 ||     7
 Stab: Distracted        |       |       |       |       |     1 ||     1
  Eat: Chunk             |     5 |     9 |    11 |    34 |    30 ||    89
       Ration            |       |     1 |     4 |     2 |     4 ||    11
Armor: Robe              |     5 |     4 |    10 |    18 |    39 ||    76
Dodge: Dodged            |    16 |    41 |    65 |   136 |   171 ||   429

Table legend:
 A = Non-vault XP
 B = Vault XP
 C = Vault XP percentage of total XP
 D = Non-vault monster count
 E = Vault monster count
 F = Vault count percentage of total count
                 A         B        C        D         E       F
            +---------+---------+-------+---------+---------+-------
      Total |   83073 |   36928 |  30.8 |     660 |     229 |  25.8
            +---------+---------+-------+---------+---------+-------
        D:1 |      19 |       7 |  26.9 |       9 |       3 |  25.0
        D:2 |      76 |      19 |  20.0 |      28 |       8 |  22.2
        D:3 |      64 |     174 |  73.1 |      15 |       4 |  21.1
        D:4 |     397 |       0 |   0.0 |      18 |       0 |   0.0
        D:5 |     609 |     110 |  15.3 |      18 |       1 |   5.3
        D:6 |     968 |      77 |   7.4 |      30 |       1 |   3.2
        D:7 |     784 |    1524 |  66.0 |      22 |      24 |  52.2
        D:8 |    1104 |       8 |   0.7 |      22 |       4 |  15.4
        D:9 |    2223 |     619 |  21.8 |      47 |       5 |   9.6
       D:10 |    1149 |    1849 |  61.7 |      30 |       2 |   6.2
       D:11 |    3631 |     634 |  14.9 |      29 |       1 |   3.3
       D:12 |    2769 |       0 |   0.0 |      36 |       0 |   0.0
       D:13 |    3297 |    5442 |  62.3 |      34 |      11 |  24.4
       D:14 |    8337 |       0 |   0.0 |      28 |       0 |   0.0
       D:15 |   15261 |    1566 |   9.3 |      54 |       2 |   3.6
     Lair:1 |    1191 |       0 |   0.0 |       7 |       0 |   0.0
     Lair:2 |    2104 |    2253 |  51.7 |      15 |       6 |  28.6
     Lair:3 |    1533 |     253 |  14.2 |      10 |       1 |   9.1
     Lair:4 |    2431 |     959 |  28.3 |      13 |       9 |  40.9
     Lair:5 |    4084 |     795 |  16.3 |      12 |       1 |   7.7
     Lair:6 |    4175 |   14057 |  77.1 |      21 |      75 |  78.1
    Swamp:1 |   10022 |       0 |   0.0 |      38 |       0 |   0.0
    Swamp:2 |    7469 |       0 |   0.0 |      33 |       0 |   0.0
    Swamp:3 |    4069 |       0 |   0.0 |      14 |       0 |   0.0
      Orc:1 |    1670 |     524 |  23.9 |      27 |       1 |   3.6
      Orc:2 |    3637 |    4206 |  53.6 |      50 |      33 |  39.8
     Bailey |       0 |    1852 | 100.0 |       0 |      37 | 100.0
            +---------+---------+-------+---------+---------+-------
